 Dungeon Sprint DCSS version 0.28.0-45-g0d030f2227 (webtiles) character file.

Game seed: 18395021600015292576

5800000 boopmooplesden the Axe Maniac (level 24, -98/249 HPs)
             Began as a Minotaur Gladiator on Apr 16, 2022.
             Was the Champion of Makhleb.
             Annihilated by a sculptor of flesh
             ... wielding a +9 great sword
              (264 damage)
             ... in the Dungeon (Sprint VIII: "Arena of Blood").
             The game lasted 00:04:09 (58 turns).

boopmooplesden the Axe Maniac (Minotaur Gladiator)    Turns: 58, Time: 00:04:09

Health: -98/249    AC:  6    Str: 21    XL:     24   Next: 51%
Magic:  22/40      EV: 34    Int:  5    God:    Makhleb [******]
Gold:   0          SH:  0    Dex: 22    Spells: 51/51 levels left

rFire   . . .      SeeInvis .   k - +∞ Axe of Woe
rCold   . . .      Faith    .   (shield currently unavailable)
rNeg    . . .      Spirit   .   b - +0 leather armour
rPois   .          Reflect  .   c - +0 hat
rElec   .          Harm     .   (no cloak)
rCorr   .          Rampage  .   (no gloves)
Will    +....      NoTele   +   (no boots)
Stlth   ++++++++++              (no amulet)
HPRegen 0.51/turn               (no ring)
MPRegen 0.27/turn               (no ring)

@: no status effects
A: horns 2, retaliatory headbutt
a: Renounce Religion, Minor Destruction, Lesser Servant of Makhleb, Major
Destruction, Greater Servant of Makhleb


You were in the Dungeon.
You worshipped Makhleb.
Makhleb was exalted by your worship.
You visited 1 branch

Inventory:

Hand Weapons
 a - a +0 war axe
 k - the +∞ Axe of Woe (weapon)
   (You found it in the Dungeon)
Missiles
 d - 3 throwing nets (quivered)
Armour
 b - a +0 leather armour (worn)
 c - a +0 hat (worn)
Jewellery
 l - a +30 ring of slaying
Scrolls
 j - a scroll of blinking
Potions
 e - a potion of curing
 f - a potion of heal wounds
 g - a potion of haste
 h - 2 potions of magic
 i - a potion of berserk rage


   Skills:
 O Level 27 Fighting
 + Level 21.1(23.8) Short Blades
 + Level 20.8(24.8) Long Blades
 O Level 27 Axes
 + Level 20.8(27) Maces & Flails
 + Level 20.8(27) Polearms
 + Level 20.8(26.9) Staves
 + Level 21.0(27) Slings
 + Level 21.0 Bows
 + Level 21.1 Crossbows
 O Level 27 Throwing
 + Level 22.7 Armour
 O Level 27 Dodging
 O Level 27 Stealth
 + Level 22.7 Shields
 + Level 21.0 Unarmed Combat
 + Level 14.1 Spellcasting
 + Level 15.3 Conjurations
 + Level 14.2 Hexes
 + Level 15.3 Summonings
 + Level 15.3 Necromancy
 + Level 15.4 Translocations
 + Level 16.6 Transmutations
 + Level 15.3 Fire Magic
 + Level 15.3 Ice Magic
 + Level 15.3 Air Magic
 + Level 16.6 Earth Magic
 + Level 15.3 Poison Magic
 + Level 19.5 Invocations
 + Level 18.0 Evocations


You had 51 spell levels left.
You didn't know any spells.
Your spell library was empty.

Dungeon Overview and Level Annotations

Branches:
Dungeon (1/1)

Altars:
Makhleb


Innate Abilities, Weirdness & Mutations

You have a pair of horns on your head.
You reflexively headbutt those who attack you in melee.


Message History

Your Conjurations skill increases to level 15!
Your Hexes skill increases to level 14!
Your Summonings skill increases to level 15!
Your Necromancy skill increases to level 15!
Your Translocations skill increases to level 15!
Your Fire Magic skill increases to level 15!
Your Ice Magic skill increases to level 15!
Your Air Magic skill increases to level 15!
Your Poison Magic skill increases to level 15!
Your Invocations skill increases to level 19!
Your Evocations skill increases to level 18!
Unknown command.
Aiming: Major Destruction (0% risk of failure)
Press: ? - help, Shift-Dir - straight line, f - bag of meat
Aim: a bag of meat, wielding a +9 war axe and wearing a +30 ring of slaying (severely wounded)
The bolt of acid hits the bag of meat!!!
The acid corrodes the bag of meat!
The bag of meat is heavily wounded.
The bolt of acid hits the bag of meat!!
The acid corrodes the bag of meat!
The bag of meat is lightly wounded.
The bolt of acid hits the bag of meat!!!
The acid corrodes the bag of meat!
The bag of meat is almost dead.
The bolt of acid hits the bag of meat!!
The acid corrodes the bag of meat!
The bag of meat is lightly wounded.
The bolt of acid hits the large bag of meat!
The acid corrodes the large bag of meat!
Flame seeps out of the large bag of meat.
The large bag of meat is lightly wounded.
The bolt of acid hits the bag of meat!!
The acid corrodes the bag of meat!
The bag of meat is lightly wounded.
You are engulfed in blazing flames.
You hear a shout! x4
The meat berserker rages.
You hear a shout! x2
The bag of meat is engulfed in blazing flames.
You hear a shout! x4
The sculptor of flesh hits you with a +9 great sword!!!!!
Ouch! That really hurt!
You die...

.oo......#.....#......
..o...#.O.oo.###......
#.o..M.Oo)....).)###.
#...o)oo#)).)).)._.. .
#.§oo)#oo.L)))#).... ...
.###oo)o☼))z..#_.<._
....##.ooo#Mz.....#..o..
#..)oo§..#........_..
#.oz@zoz.........###.
.....§§§o......###.... .
.....§§o.........#.... .
.................#.....
........#.............
.......#.#.#.....
....... # #..O.. .###...
#...


You could see 2 accurseds, a tyrant (wandering), 4 sculptors of flesh, 2 large
bags of meat, a meat berserker (berserk) and 21 bags of meat.

Vanquished Creatures
  6 vampire knights (D)
  25 ogres (D)
  6 two-headed ogres (D)
  2 liches (D)
  A hydra (D)
  48 orcs (D)
88 creatures vanquished.

Vanquished Creatures (others)
  An orc (D)
1 creature vanquished.

Grand Total: 89 creatures vanquished

Notes
Turn   | Place    | Note
-------+----------+-------------------------------------------
     0 | D        | Found the +∞ Axe of Woe
     0 | D        | boopmooplesden the Minotaur Gladiator began the quest for
                  | the Orb.
     0 | D        | Reached XP level 1. HP: 18/18 MP: 0/0
     0 | D        | Noticed a meat berserker
     4 | D        | Became a worshipper of Makhleb the Destroyer
     4 | D        | Noticed a meat berserker
     5 | D        | Noticed a bag of meat
     5 | D        | Noticed a bag of meat
     5 | D        | Noticed a bag of meat
     6 | D        | Noticed a bag of meat
     6 | D        | Noticed a bag of meat
     6 | D        | Noticed a bag of meat
     6 | D        | Noticed a meat berserker
     6 | D        | Noticed a meat berserker
     6 | D        | Noticed a meat berserker
     7 | D        | Killed a meat berserker
     7 | D        | Noticed a bag of meat
     7 | D        | Noticed a bag of meat
     8 | D        | Reached skill level 10 in Throwing
     8 | D        | Reached XP level 2. HP: 42/42 MP: 1/1
     8 | D        | Reached XP level 3. HP: 49/49 MP: 2/2
     8 | D        | Reached XP level 4. HP: 57/57 MP: 3/3
     8 | D        | Reached XP level 5. HP: 63/63 MP: 4/4
     8 | D        | Reached XP level 6. HP: 71/71 MP: 5/5
     8 | D        | Reached XP level 7. HP: 78/78 MP: 6/6
     8 | D        | Reached XP level 8. HP: 85/85 MP: 7/7
     8 | D        | Reached XP level 9. HP: 92/92 MP: 8/8
     8 | D        | Reached XP level 10. HP: 100/100 MP: 9/9
     8 | D        | Reached XP level 11. HP: 106/106 MP: 10/10
     8 | D        | Killed a meat berserker
     8 | D        | Reached * piety under Makhleb
     9 | D        | Reached XP level 12. HP: 118/118 MP: 11/11
     9 | D        | Reached XP level 13. HP: 125/125 MP: 12/12
     9 | D        | Killed a bag of meat
    10 | D        | Reached skill level 15 in Fighting
    10 | D        | Killed a meat berserker
    10 | D        | Killed a bag of meat
    10 | D        | Reached ** piety under Makhleb
    10 | D        | Noticed a bag of meat
    11 | D        | Reached skill level 27 in Axes
    11 | D        | Reached skill level 15 in Throwing
    11 | D        | Reached skill level 27 in Dodging
    11 | D        | Reached XP level 14. HP: 147/147 MP: 13/13
    11 | D        | Killed a meat berserker
    11 | D        | Killed a bag of meat
    11 | D        | Killed a bag of meat
    11 | D        | Reached *** piety under Makhleb
    11 | D        | Noticed a meat berserker
    12 | D        | Reached XP level 15. HP: 171/171 MP: 14/14
    12 | D        | Noticed a meat berserker
    13 | D        | Killed a meat berserker
    14 | D        | Reached skill level 27 in Fighting
    15 | D        | Reached **** piety under Makhleb
    15 | D        | Noticed a meat berserker
    16 | D        | Reached skill level 27 in Throwing
    16 | D        | Reached XP level 16. HP: 183/183 MP: 15/15
    17 | D        | Killed a meat berserker
    18 | D        | Reached skill level 5 in Armour
    18 | D        | Reached skill level 5 in Shields
    20 | D        | Reached skill level 5 in Short Blades
    20 | D        | Reached skill level 5 in Slings
    20 | D        | Reached skill level 5 in Bows
    20 | D        | Reached skill level 5 in Crossbows
    20 | D        | Reached skill level 5 in Unarmed Combat
    20 | D        | Killed a meat berserker
    20 | D        | Reached ***** piety under Makhleb
    21 | D        | Reached skill level 5 in Stealth
    21 | D        | Reached skill level 5 in Transmutations
    21 | D        | Reached skill level 5 in Earth Magic
    21 | D        | Reached skill level 5 in Evocations
    21 | D        | Reached XP level 17. HP: 191/191 MP: 15/22
    21 | D        | Noticed a large bag of meat
    21 | D        | Noticed a meat berserker
    22 | D        | Reached skill level 5 in Conjurations
    22 | D        | Reached skill level 5 in Summonings
    22 | D        | Reached skill level 5 in Necromancy
    22 | D        | Reached skill level 5 in Translocations
    22 | D        | Reached skill level 5 in Fire Magic
    22 | D        | Reached skill level 5 in Ice Magic
    22 | D        | Reached skill level 5 in Air Magic
    22 | D        | Reached skill level 5 in Poison Magic
    22 | D        | Noticed a large bag of meat
    22 | D        | Noticed a large bag of meat
    23 | D        | Noticed a large bag of meat
    24 | D        | Killed a meat berserker
    24 | D        | Killed a meat berserker
    24 | D        | Noticed a meat berserker
    24 | D        | Noticed a meat berserker
    24 | D        | Noticed a meat berserker
    25 | D        | Reached skill level 10 in Armour
    25 | D        | Reached skill level 10 in Shields
    25 | D        | Reached skill level 5 in Spellcasting
    25 | D        | Reached skill level 5 in Hexes
    25 | D        | Reached XP level 18. HP: 200/200 MP: 16/25
    26 | D        | Reached ****** piety under Makhleb
    26 | D        | Noticed a destroyer
    26 | D        | Noticed a meat berserker
    27 | D        | Killed a destroyer
    27 | D        | Noticed a meat berserker
    27 | D        | Noticed a large bag of meat
    28 | D        | Reached skill level 10 in Short Blades
    28 | D        | Reached skill level 10 in Long Blades
    28 | D        | Reached skill level 10 in Maces & Flails
    28 | D        | Reached skill level 10 in Polearms
    28 | D        | Reached skill level 10 in Staves
    28 | D        | Reached skill level 10 in Slings
    28 | D        | Reached skill level 10 in Bows
    28 | D        | Reached skill level 10 in Crossbows
    28 | D        | Reached skill level 10 in Unarmed Combat
    28 | D        | Noticed a destroyer
    29 | D        | Killed a meat berserker
    29 | D        | Noticed a meat berserker
    30 | D        | Reached skill level 10 in Invocations
    30 | D        | Reached XP level 19. HP: 207/207 MP: 16/29
    31 | D        | Killed a meat berserker
    31 | D        | Killed a large bag of meat
    32 | D        | Reached skill level 10 in Transmutations
    32 | D        | Reached skill level 10 in Earth Magic
    32 | D        | Noticed a meat berserker
    32 | D        | Killed a meat berserker
    32 | D        | Noticed a destroyer
    33 | D        | Reached skill level 15 in Armour
    33 | D        | Reached skill level 15 in Shields
    33 | D        | Reached skill level 10 in Conjurations
    33 | D        | Reached skill level 10 in Summonings
    33 | D        | Reached skill level 10 in Necromancy
    33 | D        | Reached skill level 10 in Translocations
    33 | D        | Reached skill level 10 in Fire Magic
    33 | D        | Reached skill level 10 in Ice Magic
    33 | D        | Reached skill level 10 in Air Magic
    33 | D        | Reached skill level 10 in Poison Magic
    33 | D        | Reached XP level 20. HP: 216/216 MP: 17/32
    33 | D        | Killed a destroyer
    34 | D        | Killed a meat berserker
    34 | D        | Killed a large bag of meat
    34 | D        | Noticed a meat berserker
    34 | D        | Noticed a meat berserker
    35 | D        | Reached skill level 15 in Short Blades
    35 | D        | Reached skill level 15 in Slings
    35 | D        | Reached skill level 15 in Bows
    35 | D        | Reached skill level 15 in Crossbows
    35 | D        | Reached skill level 15 in Unarmed Combat
    35 | D        | Reached skill level 10 in Spellcasting
    35 | D        | Reached skill level 10 in Hexes
    36 | D        | Reached XP level 21. HP: 179/224 MP: 17/34
    36 | D        | Killed a large bag of meat
    37 | D        | Reached skill level 15 in Long Blades
    37 | D        | Reached skill level 15 in Maces & Flails
    37 | D        | Reached skill level 15 in Polearms
    37 | D        | Reached skill level 15 in Staves
    37 | D        | Reached skill level 15 in Invocations
    38 | D        | Noticed a destroyer
    38 | D        | Noticed a destroyer
    40 | D        | Killed a destroyer
    40 | D        | Killed a large bag of meat
    41 | D        | Reached XP level 22. HP: 177/233 MP: 18/36
    45 | D        | Reached skill level 15 in Stealth
    45 | D        | Reached skill level 15 in Evocations
    46 | D        | Killed a destroyer
    46 | D        | Noticed a destroyer
    47 | D        | Noticed a large bag of meat
    48 | D        | Noticed a tyrant
    48 | D        | Killed a tyrant
    49 | D        | Killed a destroyer
    51 | D        | Reached skill level 27 in Stealth
    51 | D        | Reached XP level 23. HP: 240/240 MP: 20/38
    51 | D        | Noticed an accursed
    53 | D        | Noticed a large bag of meat
    54 | D        | Reached skill level 15 in Transmutations
    54 | D        | Reached skill level 15 in Earth Magic
    55 | D        | Noticed a tyrant
    55 | D        | Killed a tyrant
    56 | D        | Killed a large bag of meat
    56 | D        | Noticed an accursed
    57 | D        | Reached XP level 24. HP: 222/249 MP: 21/39
    57 | D        | Killed a destroyer
    57 | D        | Killed a large bag of meat
    57 | D        | Noticed a large bag of meat
    58 | D        | Reached skill level 15 in Conjurations
    58 | D        | Reached skill level 15 in Summonings
    58 | D        | Reached skill level 15 in Necromancy
    58 | D        | Reached skill level 15 in Translocations
    58 | D        | Reached skill level 15 in Fire Magic
    58 | D        | Reached skill level 15 in Ice Magic
    58 | D        | Reached skill level 15 in Air Magic
    58 | D        | Reached skill level 15 in Poison Magic
    58 | D        | Noticed a tyrant
    58 | D        | Annihilated by a sculptor of flesh

Illustrated notes

Levels and vault maps discovered:
D:        meatsprint

Skill      XL: |  1  2  3  4  5  6  7  8  9 10 11 12 13 14 15 16 17 18 19 20 21 22 23 24 |
---------------+-------------------------------------------------------------------------+-----
Fighting       | 12 14 19 26 27 | 27.0
Axes           | 21 25 27 | 27.0
Throwing       | 10 11 15 20 27 | 27.0
Dodging        | 20 23 27 | 27.0
Short Blades   | 6 9 11 14 15 17 18 20 21 | 21.1
Long Blades    | 6 8 11 13 14 16 17 20 | 20.8
Maces & Flails | 6 8 11 13 14 16 17 20 | 20.8
Polearms       | 6 8 11 13 14 16 17 20 | 20.8
Staves         | 6 8 11 13 14 16 17 20 | 20.8
Slings         | 6 9 11 13 15 17 18 20 21 | 21.0
Bows           | 6 9 11 13 15 17 18 20 21 | 21.0
Crossbows      | 6 9 11 14 15 17 18 20 21 | 21.1
Armour         | 7 10 12 15 17 18 19 22 | 22.7
Stealth        | 5 7 9 11 13 14 27 | 27.0
Shields        | 7 10 12 15 17 18 19 22 | 22.7
Unarmed Combat | 6 9 11 14 15 17 18 20 21 | 21.0
Spellcasting   | 4 5 7 9 10 11 12 13 14 | 14.1
Conjurations   | 4 6 8 10 11 12 13 14 15 | 15.3
Hexes          | 4 5 7 9 10 11 12 13 14 | 14.2
Summonings     | 4 6 8 10 11 12 13 14 15 | 15.3
Necromancy     | 4 6 8 10 11 12 13 14 15 | 15.3
Translocations | 4 6 8 10 11 12 13 14 15 | 15.4
Transmutations | 5 7 9 10 12 13 14 16 | 16.6
Fire Magic     | 4 6 8 10 11 12 13 14 15 | 15.3
Ice Magic      | 4 6 8 10 11 12 13 14 15 | 15.3
Air Magic      | 4 6 8 10 11 12 13 14 15 | 15.3
Earth Magic    | 5 7 9 10 12 13 14 16 | 16.6
Poison Magic   | 4 6 8 10 11 12 13 14 15 | 15.3
Invocations    | 6 8 10 12 14 16 18 19 | 19.5
Evocations     | 5 7 9 11 13 14 15 17 18 | 18.0

Action                   |  1- 3 |  4- 6 |  7- 9 | 10-12 | 13-15 | 16-18 | 19-21 | 22-24 || total
-------------------------+-------+-------+-------+-------+-------+-------+-------+-------++-------
Melee: Executioner's axe |     1 |       |       |     1 |     5 |     8 |     9 |    14 ||    38
Invok: Major Destruction |       |       |       |       |       |       |       |     1 ||     1
 Stab: Distracted        |       |       |       |       |       |       |       |     1 ||     1
Dodge: Dodged            |     2 |       |       |       |     1 |       |     2 |     1 ||     6
